 Dungeon Crawl Stone Soup version 0.31.0-11-ge490571c62 (webtiles) character file.

Game seed: 11181708266063734708

795 Tauromancer the Grappler (level 7, -4/8 HPs)
             Began as a Troll Berserker on Jan 18, 2024.
             Was a Priest of Trog.
             Incinerated by a bombardier beetle (7 damage)
             ... with a burning spray
             ... on level 4 of the Dungeon on Feb 8, 2024.
             The game lasted 00:11:01 (3087 turns).

Tauromancer the Grappler (Troll Berserker)          Turns: 3087, Time: 00:11:01

Health: -4/8       AC:  8    Str: 28    XL:     7   Next: 58%
Magic:  6/6        EV: 25    Int:  3    God:    Trog [***...]
Gold:   195        SH:  0    Dex:  9    Spells: 6/6 levels left

rFire   . .          .
                       - Unarmed
rCold   . . .        (no shield)
rNeg    + . .        a - melded +0 animal skin
rPois   ∞            (helmet restricted)
rElec   +            d - scarf {repulsion}
rCorr   +            (gloves unavailable)
SInv    .            (boots unavailable)
Will    .....        g - amulet of the acrobat
Stlth   +            o - ring of resist corrosion
HPRegen 1.01/turn    (no ring)
MPRegen 0.10/turn

%: repel missiles, acrobat
@: on fire, statue-form, acrobatic, glowing, very slow
A: slow and powerful, torment resistance 1, reduced hp, large, unfitting armour,
claws 3, regeneration 1, (shaggy fur 1), (tough skin 1)
a: Begin Untransformation, Renounce Religion, Berserk, Trog's Hand


You were on level 4 of the Dungeon.
You worshipped Trog.
Trog was most pleased with you.
You were a living statue of rough stone.
You visited 1 branch of the dungeon, and saw 5 of its levels.

You collected 215 gold pieces.
You spent 20 gold pieces at shops.

Inventory:

Armour
 a - a +0 animal skin (melded)
 d - a scarf of repulsion (worn)
Jewellery
 g - an amulet of the acrobat (around neck)
 o - a ring of resist corrosion (left claw)
Talismans
 e - a granite talisman (active)
Wands
 m - a wand of roots (14)
Scrolls
 f - a scroll of identify
 h - 2 scrolls of fog
 i - a scroll of immolation
 l - a scroll of enchant armour {unknown}
 p - a scroll of blinking
 q - a scroll of brand weapon {unknown}
Potions
 b - 2 potions of curing
 c - a potion of ambrosia
 j - 2 potions of might {unknown}
 k - a potion of brilliance
 n - 2 potions of heal wounds


   Skills:
 + Level 2.7 Fighting
 + Level 2.8 Dodging
 * Level 8.7 Unarmed Combat
 + Level 0.6 Shapeshifting


You had 6 spell levels left.
You didn't know any spells.
Your spell library contained the following spells:

 Spells                   Type           Power      Damage    Failure   Level
 Haunt                    Necr/Summ      0%         N/A       100%        7
 Borgnjor's Revivificati  Necr           0%         N/A       100%        8
 Death's Door             Necr           0%         N/A       100%        9


Dungeon Overview and Level Annotations

Branches:
Dungeon (5/15)
 Temple: D:4-7

Altars:

Shops:
D:2 =!?


Innate Abilities, Weirdness & Mutations

You are a living statue of rough stone.
Your actions are slow, but your melee attacks are powerful.
You are resistant to unholy torment.
Your maximum health is decreased, since you lack skill for your form.
Your equipment is partially melded.
You are too large for most types of armour.
You are immune to poison.
You have claws for hands.
Your natural rate of healing is unusually fast.
((You are covered in fur. (AC +1)))
((You have tough skin. (AC +1)))


Message History

The giant cockroach barely misses you.
You see here a murky silvery potion.
You claw the giant cockroach!
You kill the giant cockroach!
Trog accepts your kill.
No target in view!
j - 2 murky silvery potions (gained 1)
A ball python comes into view.
Setting a skill training target for Shapeshifting at 16.0.
The ball python hisses angrily.
The ball python completely misses you.
You barely miss the ball python. Your claw misses the ball python.
The ball python barely misses you.
You eviscerate the ball python!!!
You kill the ball python!
Trog accepts your kill.
No target in view!
No target in view!
There is a stone staircase leading down here.
A bombardier beetle comes into view.
A hobgoblin comes into view.
The hobgoblin shouts!
The hobgoblin completely misses you.
You mangle the hobgoblin!!
You kill the hobgoblin!
Trog accepts your kill.
The bombardier beetle sprays incendiary fluid at you.
The burning spray hits you.
You are covered in liquid fire!
You shake off some of the fire as you move.
The liquid fire burns you!
Ouch! That really hurt!
* * * LOW HITPOINT WARNING * * *
You are too injured to fight recklessly!
You mangle the bombardier beetle!!
You kill the bombardier beetle!
Trog accepts your kill. The liquid fire burns you!
Ouch! That really hurt!
You die...

#...##.......
###..#......#
#....#....# . #.#...#.#
.. ####.#.#.#.. ...
####......#..#.## ....
...#.##.####.#.†# .....
##...........##.##...$..
.###.##.####....8.......
.#>..##.## #.....#......
.........#####.#.# .....
..........# #.#.# ....
........#.## #.#.# ###
........#..###...#
........##....#..##
........#####.##..###
.....<......#..#....##


There were no monsters in sight!

Vanquished Creatures
  Sigmund (D:3)
  Pargi (D:3)
  A black bear (D:5)
  A phantom (D:4)
  2 bombardier beetles
  Crazy Yiuf (D:2)
  A sleepcap (D:5)
  2 iguanas (D:4)
  Natasha (thrice) (D:2)
  Robin (D:3)
  7 adders
  2 dart slugs (D:2)
  2 ribbon worms (D:2)
  7 endoplasms
  3 giant cockroaches
  9 goblins
  14 hobgoblins
  2 quokkas
  7 ball pythons
  4 bats
  A frilled lizard (D:2)
  2 kobolds
  4 rats
78 creatures vanquished.

Notes
Turn   | Place    | Note
-------+----------+-------------------------------------------
     0 | D:1      | Tauromancer the Troll Berserker began the quest for the
                  | Orb.
     0 | D:1      | Reached XP level 1. HP: 22/22 MP: 0/0
   281 | D:1      | Reached XP level 2. HP: 29/29 MP: 1/1
   907 | D:2      | Reached XP level 3. HP: 36/36 MP: 2/2
   914 | D:2      | Found Feutask's Jewellery Shoppe.
   914 | D:2      | Noticed Natasha
   920 | D:2      | Killed Natasha
   921 | D:2      | Reached skill level 4 in Unarmed Combat
   976 | D:2      | Reached ** piety under Trog
  1127 | D:2      | Found Jiwkal's Distillery.
  1182 | D:2      | Reached XP level 4. HP: 44/44 MP: 3/3
  1215 | D:2      | Found a runed translucent door.
  1216 | D:2      | Noticed Crazy Yiuf
  1291 | D:2      | Found Cuseabb's Magic Scroll Shop.
  1297 | D:2      | Bought a scroll of identify for 20 gold pieces
  1392 | D:2      | Noticed Natasha
  1399 | D:2      | Killed Natasha
  1400 | D:2      | Reached skill level 5 in Unarmed Combat
  1436 | D:2      | Noticed Natasha
  1440 | D:2      | Killed Natasha
  1456 | D:2      | Reached XP level 5. HP: 41/50 MP: 4/4
  1736 | D:2      | Killed Crazy Yiuf
  1737 | D:2      | Reached skill level 6 in Unarmed Combat
  1860 | D:3      | Noticed Sigmund
  1867 | D:3      | Killed Sigmund
  1868 | D:3      | Reached skill level 7 in Unarmed Combat
  1868 | D:3      | Reached XP level 6. HP: 47/59 MP: 5/5
  2060 | D:3      | Noticed Robin
  2067 | D:3      | Killed Robin
  2089 | D:3      | Noticed Pargi
  2102 | D:3      | Killed Pargi
  2196 | D:3      | You fall into a shaft and drop 2 floors!
  2196 | D:5      | Entered Level 5 of the Dungeon
  2240 | D:5      | Reached XP level 7. HP: 65/66 MP: 6/6
  2296 | D:5      | Reached skill level 8 in Unarmed Combat
  2441 | D:3      | Upgraded the game from 0.31-b1-22-gc680215f68 to
                  | 0.31.0-11-ge490571c62
  3087 | D:4      | Reached *** piety under Trog
  3087 | D:4      | Incinerated by a bombardier beetle

Illustrated notes

Levels and vault maps discovered:
D:1:      zelgadis_glass_arrival_small, layout_basic, nrook_campfire
D:2:      minmay_chambers_of_twos, layout_basic, serial_shops, shop,
          nicolae_lakefront_shop, shop, minmay_heptomino_l4, uniq_natasha,
          uniq_crazy_yiuf_cottage
D:3:      layout_basic, uniq_robin, uniq_pargi, uniq_sigmund
D:4:      layout_rooms, chequers_jeans
D:5:      layout_loops_cross, amethyst_overflow_temple_binary,
          minmay_temple_entry_gardened_gates, water_boxes_lemuel, uniq_edmund

Skill      XL: |  1  2  3  4  5  6  7 |
---------------+----------------------+-----
Unarmed Combat | 4 5 7 8 |  8.7
Fighting       | |  2.7
Dodging        | |  2.8
Shapeshifting  | |  0.6

Action                     |  1- 3 |  4- 6 |  7- 9 || total
---------------------------+-------+-------+-------++-------
  Melee: Unarmed           |    57 |    86 |    43 ||   186
         Punch             |     1 |     5 |       ||     6
    Use: Scroll            |       |     6 |       ||     6
         Potion            |       |     3 |       ||     3
   Stab: Sleeping          |     2 |       |       ||     2
 Armour: Animal skin       |    22 |    64 |    20 ||   106
  Dodge: Dodged            |    26 |    53 |    20 ||    99
         Repelled          |       |     3 |       ||     3
   Form: Statue            |       |       |     1 ||     1
